 Dungeon Crawl Stone Soup version 0.21.1-1-g345015f (webtiles) character file.

74 aenir the Skirmisher (level 4, 0/60 HPs)
             Began as a Hill Orc Fighter on July 20, 2018.
             Was an Initiate of Beogh.
             Slain by an orc priest
             ... wielding a +0 short sword
              (1 damage)
             ... on level 3 of the Dungeon.
             The game lasted 00:23:24 (2168 turns).

aenir the Skirmisher (Hill Orc Fighter)             Turns: 2168, Time: 00:23:26

Health: 0/60       AC:  8    Str: 24    XL:     4   Next: 28%
Magic:  4/4        EV:  7    Int:  8    God:    Beogh [......]
Gold:   220        SH:  9    Dex: 10    Spells: 3/3 levels left

rFire    . . .     SeeInvis .   a - +0 war axe
rCold    . . .     Gourm    .   c - +0 shield
rNeg     . . .     Faith    .   b - +1 scale mail
rPois    .         Spirit   .   (no helmet)
rElec    .         Reflect  .   (no cloak)
rCorr    .         Harm     .   (no gloves)
MR       .....                  (no boots)
Stlth    ..........             (no amulet)
HPRegen  0.20/turn              (no ring)
MPRegen  0.09/turn              (no ring)

@: berserking, very quick
A: no striking features
a: Renounce Religion


You were on level 3 of the Dungeon.
You worshipped Beogh.
Beogh was noncommittal.
You were not hungry.

You visited 1 branch of the dungeon, and saw 3 of its levels.

You collected 220 gold pieces.

Inventory:

Hand Weapons
 a - a +0 war axe (weapon)
 q - a +0 scythe
Missiles
 e - 4 javelins (quivered)
 j - 27 stones
 l - 19 poisoned needles
 n - 27 bolts
Armour
 b - a +1 scale mail (worn)
 c - a +0 shield (worn)
Scrolls
 g - a scroll of amnesia
 m - a scroll of teleportation {unknown}
 o - a scroll of enchant weapon {unknown}
Potions
 d - a potion of might
 i - a potion of berserk rage
 p - a potion of heal wounds {unknown}
Comestibles
 f - 3 rations


   Skills:
 + Level 4.2 Fighting
 + Level 3.8 Axes
 + Level 4.0 Armour
 + Level 0.1 Dodging
 - Level 0.1 Stealth
 + Level 3.8 Shields


You had 3 spell levels left.
You didn't know any spells.

Dungeon Overview and Level Annotations

Branches:
Dungeon (3/15)

Altars:


Message History

The orc priest hits you with a short sword.
The orc priest hits the orc priest with a dagger.
Found a stone staircase leading down.
You completely miss the orc priest.
The orc priest is lightly wounded.
The orc priest calls down the wrath of Beogh upon you.
Pain shoots through your body!
* * * LOW HITPOINT WARNING * * *
The orc priest closely misses the orc priest.
The orc priest calls down the wrath of Beogh upon you.
Beogh smites you!
* * * LOW HITPOINT WARNING * * *
The orc priest hits the orc priest but does no damage.
You eat one of the 4 rations.
That ration really hit the spot!
It was a potion of berserk rage.
A red film seems to cover your vision as you go berserk!
You feel yourself moving faster!
You feel mighty!
The orc priest hits you with a short sword.
You die...
Beogh appreciates the orc priest's killing of a heretic priest.

*,,,******,,,,#..#*
***,,,,,.#...o#..#
******..(...#..#
*** **#....#†.#
,,*******#.......#
*,,,,,,,*#.....#.#
*******,.#....l#.#
**.......#o#
*******#o@# ##.##
#..# ########.##
#........# *
##.######## * #..#
* #.## ######.#


You could see an orc priest and a neutral orc (wandering).

Vanquished Creatures
  2 adders (D:3)
  2 worms
  A leopard gecko (D:2)
  3 orcs (D:3)
  7 bats
  A giant cockroach (D:2)
  6 goblins
  7 hobgoblins
  A ball python (D:1)
  2 frilled lizards
  6 kobolds
  9 rats
47 creatures vanquished.

Vanquished Creatures (others)
  A bat (D:3)
  A frilled lizard (D:3)
2 creatures vanquished.

Grand Total: 49 creatures vanquished

Notes
Turn   | Place    | Note
-------+----------+-------------------------------------------
     0 | D:1      | aenir the Hill Orc Fighter began the quest for the Orb.
     0 | D:1      | Reached XP level 1. HP: 19/19 MP: 1/1
   244 | D:1      | Reached XP level 2. HP: 22/27 MP: 2/2
  1134 | D:2      | Reached XP level 3. HP: 33/33 MP: 3/3
  2101 | D:3      | Reached XP level 4. HP: 40/40 MP: 4/4
  2151 | D:3      | Became a worshipper of Beogh the Brigand
  2165 | D:3      | HP: 1/40 [orc priest/divine providence (10)]
  2168 | D:3      | Slain by an orc priest

Skill      XL: |  1  2  3 |
---------------+----------+-----
Axes           | 3 |  3.8
Fighting       | 4 |  4.2
Armour         | 4 |  4.0
Dodging        | |  0.1
Stealth        | |  0.1
Shields        | |  3.8

Action                   |  1- 3 |  4- 6 || total
-------------------------+-------+-------++-------
Melee: War axe           |   147 |    15 ||   162
Throw: Javelin           |     3 |     1 ||     4
Invok: Convert to Beogh  |       |     1 ||     1
  Use: Scroll            |     2 |     1 ||     3
       Potion            |       |     1 ||     1
  Eat: Ration            |     1 |     1 ||     2
Armor: Scale mail        |    73 |     7 ||    80
Dodge: Dodged            |    54 |     2 ||    56
Block: Shield            |   101 |    10 ||   111
